Map: Ephemeron LE

Players

thermostaat (uThermal) - Winner!

  • Race: Terran Terran
  • Spawn Location: 11:00

BlyOnFire (Bly)

  • Race: Zerg Zerg
  • Spawn Location: 5:00

Event: NationWars 2019

VOD

Have the link to the VOD?

Description

Time

  • Played on: Nov. 16, 2019, 1:21 p.m.
  • Length: 8:06
Show
View Real Time Build Order
Export as new Build Order

thermostaat Terran - Winner!

Build Orders: Liberator Opening, Reaper Expand 

Get SALT Encoding   

  12  0:01  SCV  
  13  0:13  SCV  
  14  0:17  Supply Depot  
  14  0:25  SCV  
  15  0:38  SCV  
  15  0:40  Barracks  
  16  0:43  Refinery  
  16  0:50  SCV  
  17  1:03  SCV  
  18  1:15  SCV  
  19  1:27  Orbital Command, Reaper  
  20  1:40  Command Center  
  20  1:49  Supply Depot  
  20  1:53  SCV  
  21  1:59  Marine  
  22  2:05  SCV  
  23  2:10  Factory  
  23  2:17  SCV  
  23  2:20  Barracks Reactor  
  24  2:29  SCV  
  25  2:35  Refinery  
  25  2:41  SCV  
  26  2:53  SCV, Orbital Command  
  27  3:00  Starport  
  27  3:03  Hellion x2  
  31  3:06  SCV  
  31  3:10  Barracks Tech Lab  
  31  3:18  SCV  
  32  3:20  SCV  
  32  3:21  Liberator  
  32  3:24  Hellion x2  
  37  3:32  SCV x2  
  39  3:37  Supply Depot  
  42  3:45  Hellion  
  42  3:46  Hellion  
  45  3:48  SCV  
  46  3:58  Supply Depot  
  46  4:06  SCV x2  
  47  4:10  Command Center  
  47  4:16  Stimpack, Marine  
  48  4:18  SCV x2  
  48  4:22  Supply Depot  
  48  4:23  Factory Tech Lab  
  50  4:24  Starport Reactor  
  50  4:30  SCV x2  
  52  4:34  Marine  
  53  4:42  SCV x2  
  53  4:44  Barracks  
  53  4:45  Barracks  
  55  4:54  SCV, Marine  
  55  4:55  Siege Tank  
  55  4:56  SCV  
  61  5:06  SCV  
  62  5:08  SCV, Refinery x2  
  62  5:10  Engineering Bay  
  62  5:12  Marine  
  64  5:19  Engineering Bay, SCV  
  64  5:20  SCV  
  64  5:21  Starport Reactor  
  66  5:22  SCV  
  66  5:27  Siege Tank  
  65  5:30  Marine  
  65  5:31  SCV  
  65  5:32  SCV  
  65  5:35  Marine  
  66  5:39  Marine  
  66  5:42  Orbital Command  
  60  5:45  Marine x2  
  60  5:47  Terran Infantry Weapons Level 1, Marine  
  60  5:48  Terran Infantry Armor Level 1  
  63  5:53  Marine  
  64  5:57  Marine  
  64  6:03  Marine x2  
  67  6:10  Medivac  
  67  6:11  Marine  
  70  6:15  Marine  
  74  6:20  Siege Tank, Marine  
  74  6:21  Combat Shield, Supply Depot  
  74  6:22  Marine x2  
  77  6:26  SCV  
  77  6:29  Supply Depot, SCV, Marine  
  80  6:32  Medivac  
  80  6:33  Marine  
  80  6:38  Marine  
  84  6:40  Marine  
  84  6:43  Marine  
  84  6:46  Marine  
  87  6:49  Supply Depot  
  87  6:53  Barracks x2  
  87  6:55  Siege Tank  
  87  6:56  Marine  
  87  6:58  Marine  
  92  7:02  SCV  
  92  7:03  Armory, Marine  
  92  7:06  SCV  
  96  7:09  Marine  
  96  7:11  Marine  
  96  7:14  Marine  
  99  7:15  Supply Depot  
  99  7:17  Marine  
  99  7:18  SCV  
  99  7:20  SCV  
  99  7:21  Marine  
  102  7:26  Medivac  
  102  7:27  Siege Tank  
  102  7:29  Marine  
  107  7:34  Marine  
  109  7:37  Marine  
  109  7:41  Barracks Reactor x2  
  109  7:43  SCV, Supply Depot, Marine  
Show
View Real Time Build Order
Export as new Build Order

BlyOnFire Zerg 

Build Orders: Hatch First 

Get SALT Encoding   

  12  0:01  Drone  
  13  0:13  Overlord  
  13  0:19  Drone  
  14  0:32  Drone x2  
  16  0:49  Hatchery  
  15  0:53  Drone  
  15  0:56  Drone  
  17  0:59  Drone  
  18  1:11  Extractor  
  18  1:15  Spawning Pool  
  18  1:18  Drone  
  17  1:24  Drone  
  18  1:30  Drone  
  19  1:39  Drone  
  20  1:51  Overlord  
  20  2:02  Queen x2  
  20  2:03  Zergling x4  
  26  2:15  Metabolic Boost  
  26  2:16  Drone x2  
  27  2:33  Hatchery  
  27  2:35  Drone  
  27  2:38  Drone  
  27  2:43  Drone x2  
  30  2:48  Drone  
  31  2:53  Queen  
  33  3:03  Overlord  
  33  3:05  Drone x2  
  35  3:18  Overlord  
  35  3:22  Drone x5  
  40  3:32  Drone x2  
  42  3:43  Zergling x4  
  43  3:50  Queen  
  43  3:51  Zergling x10  
  43  3:53  Lair  
  50  4:00  Queen  
  52  4:07  Drone x6  
  58  4:16  Roach Warren  
  57  4:19  Overlord  
  57  4:21  Zergling x2  
  58  4:31  Overlord  
  56  4:41  Spore Crawler, Drone x3  
  56  4:42  Drone x5, Extractor  
  56  4:44  Extractor  
  61  4:51  Nydus Network, Queen x2  
  64  5:00  Zergling x16  
  69  5:07  Overseer  
  69  5:10  Zergling x6  
  70  5:19  Zergling x2  
  70  5:20  Zergling x6  
  61  5:31  Overseer  
  61  5:34  Nydus Canal  
  56  5:37  Overseer, Roach x5  
  56  5:38  Zergling x4  
  56  5:39  Zergling x2  
  64  5:47  Nydus Canal  
  64  5:49  Overseer  
  64  5:52  Zergling x8  
  64  5:56  Zergling x2  
  69  5:59  Nydus Canal  
  69  6:09  Nydus Canal  
  69  6:14  Overseer  
  69  6:16  Roach x2  
  69  6:17  Overlord x2  
  69  6:18  Overlord  
  73  6:24  Nydus Canal  
  73  6:33  Nydus Canal  
  72  6:43  Overseer  
  72  6:45  Zergling x16  
  80  6:59  Overseer  
  80  7:01  Overlord  
  80  7:04  Roach x7  
  97  7:08  Ravager x3  
  97  7:15  Ravager  
  98  7:16  Overlord  
  89  7:27  Nydus Canal  
  88  7:34  Roach x4  
  80  7:52  Nydus Canal  
Tags
 
Add a new tag
Caveats
  • Supply blocks, unpowered buildings, or Contaminate may cause inaccurate times.
  • Supply counts are checked every 10 seconds.